 Dungeon Crawl Stone Soup version 0.27-a0-1188-g73eefd5def (webtiles) character file.

Game seed: 16870977151357072580

47 leviel the Chopper (level 3, -5/31 HPs)
             Began as a Hill Orc Fighter on May 22, 2021.
             Killed from afar by an orc wizard (10 damage)
             ... with a magic dart
             ... on level 2 of the Dungeon.
             The game lasted 00:02:12 (1547 turns).

leviel the Chopper (Hill Orc Fighter)               Turns: 1547, Time: 00:02:13

Health: -5/31      AC:  9    Str: 19    XL:     3   Next: 70%
Magic:  3/3        EV:  7    Int:  8    God:
Gold:   21         SH:  9    Dex: 10    Spells: 2/2 levels left

rFire    . . .     SeeInvis .   a - +0 war axe
rCold    . . .     Faith    .   c - +0 kite shield
rNeg     . . .     Spirit   .   b - +0 scale mail
rPois    .         Reflect  .   (no helmet)
rElec    .         Harm     .   i - +0 cloak
rCorr    .         Rampage  .   g - +0 pair of gloves
Will     .....                  (no boots)
Stlth    ..........             (no amulet)
HPRegen  0.10/turn              (no ring)
MPRegen  0.08/turn              (no ring)

@: mighty
A: no striking features
a: no special abilities


You were on level 2 of the Dungeon.
You visited 1 branch of the dungeon, and saw 2 of its levels.

You collected 21 gold pieces.

Inventory:

Hand Weapons
 a - a +0 war axe (weapon)
Armour
 b - a +0 scale mail (worn)
 c - a +0 kite shield (worn)
 g - a +0 pair of gloves (worn)
 i - a +0 cloak (worn)
Jewellery
 f - an amulet of magic regeneration
Scrolls
 h - a scroll of identify {unknown}


   Skills:
 - Level 3.6 Fighting
 + Level 5.3 Axes
 - Level 3.2 Armour
 - Level 3.2 Shields


You had 2 spell levels left.
You didn't know any spells.
Your spell library was empty.

Dungeon Overview and Level Annotations

Branches:
Dungeon (2/15)

Altars:


Message History

Something hits you but does no damage.
It was a potion of curing.
You feel better.
You hear some strange, mumbled words.
Something tries to affect you, but you resist.
You miss something. You block something's attack.
Something hits you but does no damage.
You miss something. Something hits you but does no damage.
You closely miss something. Something hits you.
The dart slug launches a dart at you.
The slug dart hits something.
You closely miss something.
You hear some strange, mumbled words.
You are confused.
Something hits you but does no damage.
You completely miss something. Something hits you but does no damage.
You closely miss something.
Something hits you but does no damage. x2
You bump into the rock wall.
Something hits you but does no damage. The dart slug launches a dart at you.
The slug dart hits something.
You completely miss something.
You feel less confused.
You hear some strange, mumbled words.
A puff of flame appears from out of thin air!
You block the puff of flame.
You barely miss something.
You hear some strange, mumbled words.
Something tries to affect you, but you resist.
Something hits you but does no damage.
You closely miss something. Something hits you.
* * * LOW HITPOINT WARNING * * *
You closely miss something. Something hits you but does no damage.
Something hits you.
* * * LOW HITPOINT WARNING * * *
You closely miss something. Something hits you.
* * * LOW HITPOINT WARNING * * *
You closely miss something.
You hear some strange, mumbled words.
A magic dart appears from out of thin air!
The magic dart hits you!
You die...

#.# #.# #.#
#.# #.# #.#
#.# #.# #.#
#.#
#.###.#######
#...........+
#<###.######
#.# #@# #.#
#{# #.# #w#
#.. .o.
#..##.## #..
#.# ##.##.#
#.# #.#


You could see a dart slug and an orc.

Vanquished Creatures
  2 dart slugs (D:1)
  2 orcs (D:2)
  4 endoplasms (D:1)
  3 goblins (D:1)
  2 hobgoblins (D:1)
  9 jackals (D:1)
  A quokka (D:1)
  A ball python (D:1)
  3 bats (D:1)
  4 kobolds (D:1)
  5 rats (D:1)
36 creatures vanquished.

Notes
Turn   | Place    | Note
-------+----------+-------------------------------------------
     0 | D:1      | leviel the Hill Orc Fighter began the quest for the Orb.
     0 | D:1      | Reached XP level 1. HP: 19/19 MP: 1/1
    76 | D:1      | Reached skill level 3 in Axes
   176 | D:1      | Reached XP level 2. HP: 26/26 MP: 2/2
   429 | D:1      | Reached skill level 4 in Axes
   628 | D:1      | Reached XP level 3. HP: 26/31 MP: 3/3
   845 | D:1      | Reached skill level 5 in Axes
  1547 | D:2      | Killed from afar by an orc wizard

Illustrated notes

Levels and vault maps discovered:
D:1:      dpeg_arrival_subterranean_lakeside_camping, layout_basic,
          moated_statue, minmay_misc_feat_five
D:2:      layout_basic, chequers_ecumenical_altar_simple_redux, uniq_robin

Skill      XL: |  1  2  3 |
---------------+----------+-----
Axes           | 3 4 5 |  5.3
Fighting       | |  3.6
Armour         | |  3.2
Shields        | |  3.2

Action                   || total
-------------------------++-------
Melee: War axe           ||   132
  Use: Potion            ||     2
Armor: Scale mail        ||    83
Dodge: Dodged            ||    35
Block: Kite shield       ||    55

Table legend: (Time is in decaauts)
 A = Elapsed time spent in this place.
 B = Non-inter-level travel time spent in this place.
 C = Inter-level travel time spent in this place.
 D = Time resting spent in this place.
 E = Time spent auto-exploring this place.
 F = Levels seen in this place.
 G = Mean time per level.
                   A        B        C        D        E       F      G
               +--------+--------+--------+--------+--------+-----+--------+
         Total |   1620 |   1571 |     49 |      0 |   1258 |   2 |  810.0 |
       Dungeon |   1620 |   1571 |     49 |      0 |   1258 |   2 |  810.0 |
               +--------+--------+--------+--------+--------+-----+--------+

Top non-repeatable levels by time:
     D:1: 1531 daAuts
     D:2: 89 daAuts
